 Dungeon Crawl Stone Soup version 0.30-a0-743-gbfdf073431 (webtiles) character file.

Game seed: 4146944633897159148

94 jimonade the Magician (level 4, 0/31 HPs)
             Began as a Djinni Hedge Wizard on Feb 6, 2023.
             Slain by an adder (2 damage)
             ... on level 3 of the Dungeon.
             The game lasted 00:03:11 (2060 turns).

jimonade the Magician (Djinni Hedge Wizard)         Turns: 2060, Time: 00:03:11

Health: 0/31       AC:  2    Str: 11    XL:     4   Next: 94%
Gold:   150        EV: 12    Int: 16    God:
                   SH:  0    Dex: 12

rFire   + + .      SeeInvis .    a - +0 spear (venom)
rCold   x . .      Faith    .    (no shield)
rNeg    . . .      Spirit   .    b - +0 robe
rPois   ∞          Reflect  .    c - +0 hat
rElec   .          Harm     .    (no cloak)
rCorr   .          Rampage  .    (no gloves)
Will    .....                    (boots unavailable)
Stlth   ++                       (no amulet)
HPRegen 0.25/turn                (no ring)
MPRegen 0.00/turn                (no ring)

@: flying
A: sickness immunity, fire resistance 2, cold vulnerability 1, float, innate
caster, HP casting, extra vitality 1
a: no special abilities


You were on level 3 of the Dungeon.
You visited 1 branch of the dungeon, and saw 3 of its levels.

You collected 150 gold pieces.

Inventory:

Hand Weapons
 a - a +0 spear of venom (weapon)
 m - a +0 dagger
 s - a +0 spear
Missiles
 h - 2 boomerangs of dispersal
 i - 13 poisoned darts
Armour
 b - a +0 robe (worn)
 c - a +0 hat (worn)
 p - a +0 leather armour
 q - a +0 ring mail
Scrolls
 e - 4 scrolls of teleportation {unknown}
 j - 6 scrolls of identify {unknown}
 k - 2 scrolls of immolation
 v - a scroll of poison {unknown}
 w - a scroll of enchant armour {unknown}
Potions
 d - a potion of magic
 f - a potion of heal wounds {unknown}
 g - 2 potions of attraction {unknown}
 l - a potion of mutation {unknown}
 n - 3 potions of might {unknown}
 o - a potion of berserk rage {unknown}
 r - 3 potions of curing {unknown}
 t - a potion of flight {unknown}
 u - a potion of lignification {unknown}


   Skills:
 + Level 0.1 Polearms
 + Level 2.4 Dodging
 - Level 1.5 Stealth
 * Level 4.0 Spellcasting


You had one spell level left.
You knew the following spells:

 Your Spells              Type           Power      Damage    Failure   Level
a - Magic Dart            Conj           64%        1d6       3%          1
b - Slow                  Hex            64%        N/A       3%          1
c - Blink                 Tloc           32%        N/A       4%          2
d - Call Imp              Summ           16%        N/A       4%          2
e - Mephitic Cloud        Conj/Pois/Air  16%        N/A       10%         3
f - Foxfire               Conj/Fire      64%        2x1d7     3%          1
Your spell library was empty.

Dungeon Overview and Level Annotations

Branches:
Dungeon (3/15)

Altars:


Innate Abilities, Weirdness & Mutations

You are immune to sickness and miasma.
You are immune to poison.
Your flesh is very heat resistant. (rF++)
You are vulnerable to cold. (rC-)
You float through the air rather than walking.
You learn spells naturally, not from books.
Your magical power is your life essence.
You have superior vitality. (+4 MHP)


Message History

The orc is heavily wounded.
Your shadow imp hits the orc.
The orc hits you with a +0 club. The orc hits you with a +0 falchion!
* * * LOW HITPOINT WARNING * * *
Your shadow imp hits the orc.
The orc dies!
You are too injured to fight recklessly!
You hit the orc.
The orc looks even sicker.
The orc is heavily wounded.
The orc hits you with a +0 falchion.
* * * LOW HITPOINT WARNING * * *
You hit the orc.
You kill the orc!
Your shadow imp barely misses the goblin.
Your Spellcasting skill increases to level 4!
You completely miss the goblin. The goblin barely misses you.
An adder comes into view.
Your shadow imp closely misses the goblin.
You closely miss the goblin. The goblin barely misses you.
Your shadow imp hits the goblin.
You hit the goblin.
The goblin is poisoned.
The goblin is almost dead.
The goblin hits you with a +0 club.
* * * LOW HITPOINT WARNING * * *
Your shadow imp barely misses the goblin.
Found 11 gold pieces.
You kill the goblin!
Your shadow imp completely misses the orc.
Your shadow imp hits the orc.
The orc hits your shadow imp with a +0 war axe.
Your shadow imp closely misses the orc.
The adder misses your shadow imp.
You see here a +0 dagger.
The orc shouts!
Casting: Call Imp (safe; 4% risk of failure)
Confirm with . or Enter, or press ? or * to list all spells.
A shadowy apparition takes form in the air.
* * * LOW HITPOINT WARNING * * *
The adder attacks as you move away! The adder barely misses you.
The adder bites you.
You die...

#.### #.###. #. . #... #.# ##
#.##. #.. #.# # ...#. #.# #.#
# .....#####.# #.# #
..$#....)..# #.# #
....!...##.########### #.# #
#.####..#.).....5....## #.# .
#.####o.#...o..S@.....## #.#
#.S..<)...########.#.#.#####.#
...###).### #............# .
.....# ##.#.#.#####.# .o###.##
#....## #.# #.#
#########.#.#######.#### #.#
#.........#.###......... #.#
#.#######...........#### ..#
#.# #...###.###.#


You could see an adder (ally target), an orc and a friendly shadow imp
(summoned).

Vanquished Creatures
  A gnoll (D:1)
  3 orcs (D:3)
  2 ball pythons (D:1)
  4 bats (D:1)
  3 endoplasms
  A giant cockroach (D:1)
  2 goblins
  2 hobgoblins
  A frilled lizard (D:1)
  6 kobolds
  3 rats (D:1)
28 creatures vanquished.

Vanquished Creatures (collateral kills)
  2 gnolls (D:2)
  2 adders (D:3)
  4 orcs (D:3)
  2 endoplasms (D:2)
  2 hobgoblins (D:2)
  A rat (D:2)
13 creatures vanquished.

Vanquished Creatures (others)
  2 foxfires (D:1)
2 creatures vanquished.

Grand Total: 43 creatures vanquished

Notes
Turn   | Place    | Note
-------+----------+-------------------------------------------
     0 | D:1      | jimonade the Djinni Hedge Wizard began the quest for the
                  | Orb.
     0 | D:1      | jimonade set off with the following spells memorised: Magic
                  | Dart, Slow, Blink, Call Imp, Mephitic Cloud.
     0 | D:1      | Reached XP level 1. HP: 15/15 MP: 0/0
   229 | D:1      | Reached XP level 2. HP: 20/21 MP: 0/0
   419 | D:1      | Reached skill level 3 in Spellcasting
   809 | D:1      | Reached XP level 3. HP: 23/25 MP: 0/0
   809 | D:1      | Learned a level 1 spell: Foxfire
  1196 | D:2      | Reached XP level 4. HP: 22/31 MP: 0/0
  1365 | D:2      | Found a faded altar of an unknown god.
  2046 | D:3      | Reached skill level 4 in Spellcasting
  2048 | D:3      | HP: 1/31 [goblin/+0 club (2)]
  2060 | D:3      | Slain by an adder

Illustrated notes

Levels and vault maps discovered:
D:1:      eino_arrival_water_cross, layout_loops_corners
D:2:      layout_loops_ring, hellmonk_ecumenical_altar_blasted
D:3:      layout_loops_ring

Skill      XL: |  1  2  3  4 |
---------------+-------------+-----
Spellcasting   | 3 4 |  4.0
Polearms       | |  0.1
Dodging        | |  2.4
Stealth        | |  1.5

Action                     |  1- 3 |  4- 6 || total
---------------------------+-------+-------++-------
  Melee: Spear             |     2 |    30 ||    32
         Dagger            |     1 |       ||     1
   Cast: Magic Dart        |    46 |       ||    46
         Call Imp          |     2 |    10 ||    12
         Foxfire           |     1 |       ||     1
   Stab: Sleeping          |       |     1 ||     1
 Armour: Robe              |     3 |     1 ||     4
  Dodge: Dodged            |    18 |    10 ||    28

Table legend: (Time is in decaauts)
 A = Elapsed time spent in this place.
 B = Non-inter-level travel time spent in this place.
 C = Inter-level travel time spent in this place.
 D = Time resting spent in this place.
 E = Time spent auto-exploring this place.
 F = Levels seen in this place.
 G = Mean time per level.
                   A        B        C        D        E       F      G
               +--------+--------+--------+--------+--------+-----+--------+
         Total |   2064 |   1922 |    142 |     30 |   1583 |   3 |  688.0 |
       Dungeon |   2064 |   1922 |    142 |     30 |   1583 |   3 |  688.0 |
               +--------+--------+--------+--------+--------+-----+--------+

Top non-repeatable levels by time:
     D:1: 1125 daAuts
     D:2: 588 daAuts
     D:3: 350 daAuts
